 Dungeon Crawl Stone Soup version 0.27-a0-1196-g3e9cee4cb2 (webtiles) character file.

Game seed: 2300822738976317345

168 Armakuni the Skirmisher (level 5, -13/42 HPs)
             Began as a Human Warper on May 27, 2021.
             Mangled by Blork the orc
             ... wielding a +3 flail of protection
              (16 damage)
             ... on level 3 of the Dungeon.
             The game lasted 00:07:01 (3262 turns).

Armakuni the Skirmisher (Human Warper)              Turns: 3262, Time: 00:07:02

Health: -13/42     AC:  3    Str: 13    XL:     5   Next: 77%
Magic:  8/8        EV: 12    Int: 13    God:
Gold:   233        SH:  0    Dex: 18    Spells: 5/8 levels left

rFire    . . .     SeeInvis .   a - +1 falchion
rCold    . . .     Faith    .   (no shield)
rNeg     . . .     Spirit   .   b - +0 leather armour
rPois    .         Reflect  .   (no helmet)
rElec    .         Harm     .   (no cloak)
rCorr    .         Rampage  .   (no gloves)
Will     .....                  (no boots)
Stlth    +.........             A - amulet of the acrobat
HPRegen  0.14/turn              D - +6 ring of dexterity
MPRegen  0.11/turn              (no ring)

@: no status effects
A: no striking features
a: no special abilities


You were on level 3 of the Dungeon.
You visited 1 branch of the dungeon, and saw 4 of its levels.

You collected 233 gold pieces.

Inventory:

Hand Weapons
 a - a +1 falchion (weapon)
Armour
 b - a +0 leather armour (worn)
 g - a +0 ring mail
 h - a +0 scale mail
Jewellery
 A - an amulet of the acrobat (around neck)
 D - a +6 ring of dexterity (left hand)
Scrolls
 d - a scroll of blinking
 k - a scroll of brand weapon
Potions
 c - a potion of resistance
 f - a potion of brilliance


   Skills:
 + Level 4.0 Fighting
 + Level 4.0 Long Blades
 - Level 1.4 Throwing
 - Level 1.0 Armour
 - Level 2.0 Dodging
 - Level 2.0 Spellcasting
 - Level 3.0 Translocations


You had 5 spell levels left.
You knew the following spells:

 Your Spells              Type           Power      Damage    Failure   Level
a - Apportation           Tloc           18%        N/A       10%         1
b - Blink                 Tloc           N/A        N/A       14%         2

Your spell library contained the following spells:

 Spells                   Type           Power      Damage    Failure   Level
 Gell's Gravitas          Tloc           4%         N/A       28%         3
 Lesser Beckoning         Tloc           4%         N/A       28%         3
 Teleport Other           Tloc           9%         N/A       28%         3
 Animate Skeleton         Necr           2%         N/A       32%         1
 Corona                   Hex            1%         N/A       32%         1
 Pain                     Necr           4%         1d4       32%         1
 Summon Small Mammal      Summ           4%         N/A       32%         1
 Confusing Touch          Hex            1%         N/A       67%         3
 Vampiric Draining        Necr           0%         2d6       67%         3
 Manifold Assault         Tloc           9%         N/A       95%         5
 Animate Dead             Necr           0%         N/A       97%         4
 Petrify                  Tmut/Erth      1%         N/A       97%         4
 Agony                    Necr           1%         N/A       100%        5
 Metabolic Englaciation   Hex/Ice        0%         N/A       100%        5
 Yara's Violent Unravell  Hex/Tmut       0%         3d3       100%        5


Dungeon Overview and Level Annotations

Branches:
Dungeon (4/15)
 Temple: D:4-7

Altars:

Annotations:
D:3 Blork the orc


Message History

You are frozen.
You hit the endoplasm.
The endoplasm is almost dead.
The endoplasm freezes you.
You are frozen.
You hit the endoplasm.
You kill the endoplasm!
Okay, then.
Okay, then.
You hit Blork the orc but do no damage.
Blork the orc is heavily wounded.
Blork the orc hits you with a +3 flail of protection!
* * * LOW HITPOINT WARNING * * *
You hit Blork the orc.
Blork the orc is heavily wounded.
Blork the orc suddenly jeers.
Blork the orc hits you with a +3 flail of protection!
* * * LOW HITPOINT WARNING * * *
You hit Blork the orc but do no damage.
Blork the orc is heavily wounded.
Blork the orc points at you and mumbles some strange words.
The puff of frost misses you.
You hit Blork the orc but do no damage.
Blork the orc is heavily wounded.
Blork the orc looks braver for a moment.
Blork the orc hits you with a +3 flail of protection.
* * * LOW HITPOINT WARNING * * *
You hit Blork the orc but do no damage.
Blork the orc is heavily wounded.
Blork the orc closely misses you.
You hit Blork the orc.
Blork the orc is severely wounded.
Blork the orc barely misses you.
You slash Blork the orc!
Blork the orc is almost dead.
Blork the orc misses you.
You barely miss Blork the orc.
Blork the orc is almost dead.
Blork the orc hits you with a +3 flail of protection!
You die...

#>.# #.....##.#.#.#.#
########.†###............###
####
#...............####.#.#.#.(
...# #.#######.#.#####
#.....#.. ...###.# #.#.#
###.#.#.. )......# #.#.#
####.#.### .......# #.#.#
#.......## ...###.# #.#.#
#......... .### #.# #.#@#
##.......## .# #.# #.#o#
#.......... .# #.#
#.#K######........## .###
#.# #...>..(............
...# #.#
###..#####........##
##.###.# #.<.........[.....
#...##.# ###..###..##...####
.......# ##.#..###..##...#
#...#### ##<.(........<...#


You could see Blork the orc and a kobold.

Vanquished Creatures
  An ogre (D:3)
  An adder (D:3)
  2 worms (D:2)
  A dart slug (D:1)
  An orc (D:3)
  9 ball pythons
  7 bats
  3 endoplasms
  5 giant cockroaches
  12 goblins (D:3)
  4 hobgoblins
  2 jackals
  6 kobolds
  3 quokkas
  2 frilled lizards
  4 rats
63 creatures vanquished.

Vanquished Creatures (others)
  3 toadstools (D:2)
3 creatures vanquished.

Grand Total: 66 creatures vanquished

Notes
Turn   | Place    | Note
-------+----------+-------------------------------------------
     0 | D:1      | Armakuni the Human Warper began the quest for the Orb.
     0 | D:1      | Reached XP level 1. HP: 16/16 MP: 3/3
    48 | D:1      | Reached XP level 2. HP: 10/22 MP: 5/5
   568 | D:1      | Learned a level 2 spell: Blink
   624 | D:1      | Reached XP level 3. HP: 24/28 MP: 6/6
  1817 | D:2      | Learned a level 1 spell: Apportation
  2082 | D:3      | Reached XP level 4. HP: 35/35 MP: 7/7
  2286 | D:3      | Noticed an ogre
  2317 | D:3      | Killed an ogre
  2318 | D:3      | Reached XP level 5. HP: 31/42 MP: 8/8
  2867 | D:3      | Noticed an ogre
  3153 | D:4      | Noticed Blork the orc
  3262 | D:3      | Mangled by Blork the orc

Illustrated notes

Levels and vault maps discovered:
D:1:      eino_arrival_cavern_d, layout_basic, minmay_tetromino_s2
D:2:      layout_basic, serial_co_window_serial, co_window_of_opportunity_a,
          co_window_paths_b, co_window_corner_a, co_window_paths_a,
          co_window_paths_a, co_window_unsneaky_path_c, co_window_corner_ca,
          co_window_broadway_b, co_window_unsneaky_path_c, co_window_2corner,
          co_window_broadway_a, co_window_4corner_b, glass_columns_a,
          minmay_gold_behind_fungi, minmay_fractal_squares_gapless_5
D:3:      layout_loops_ring, hellmonk_ecumenical_altar_inner_sanctum,
          minmay_ogre_servants
D:4:      layout_basic, uniq_blork_the_orc

Skill      XL: |  1  2  3  4  5 |
---------------+----------------+-----
Fighting       | 3 4 |  4.0
Long Blades    | 3 4 |  4.0
Throwing       | |  1.4
Armour         | |  1.0
Dodging        | |  2.0
Spellcasting   | |  2.0
Translocations | |  3.0

Action                   |  1- 3 |  4- 6 || total
-------------------------+-------+-------++-------
Melee: Falchion          |   108 |    82 ||   190
Throw: Boomerang         |       |     5 ||     5
 Cast: Blink             |       |     2 ||     2
Evoke: Wand              |     4 |       ||     4
  Use: Scroll            |     1 |     3 ||     4
       Potion            |     4 |     1 ||     5
Armor: Leather armour    |    39 |    25 ||    64
Dodge: Dodged            |    88 |    47 ||   135
       Rpst.: Falchion   |    27 |    14 ||    41

Table legend: (Time is in decaauts)
 A = Elapsed time spent in this place.
 B = Non-inter-level travel time spent in this place.
 C = Inter-level travel time spent in this place.
 D = Time resting spent in this place.
 E = Time spent auto-exploring this place.
 F = Levels seen in this place.
 G = Mean time per level.
                   A        B        C        D        E       F      G
               +--------+--------+--------+--------+--------+-----+--------+
         Total |   3293 |   3233 |     60 |    569 |   1722 |   4 |  823.2 |
       Dungeon |   3293 |   3233 |     60 |    569 |   1722 |   4 |  823.2 |
               +--------+--------+--------+--------+--------+-----+--------+

Top non-repeatable levels by time:
     D:2: 1298 daAuts
     D:1: 1017 daAuts
     D:3: 965 daAuts
     D:4: 12 daAuts
